General information
- name: grudge
- type: Custom game
- host: evil_pengoon
- saver: BEAR_AND
map: GnollWood
- players: 8
- length: 24:41
- speed: Fast
- version: 1.21 W3XP
- replay type:

» download(106 KB)
Players
team 1 (loser)

»
2coreawithlove (
red | 119 APM | 2946 actions | 24:39)
5 Death Knight
3 Death Coil
2 Unholy Aura
4 Lich
2 Frost Nova
1 Frost Armor
1 Dark Ritual
» actions
| Assign group hotkey | 60 | |
| Basic commands | 361 | |
| Build / train | 93 | |
| Enter build submenu | 22 | |
| Enter hero's abilities submenu | 9 | |
| Give item / drop item | 7 | |
| Remove unit from queue | 6 | |
| Right click | 1133 | |
| Select / deselect | 556 | |
| Select group hotkey | 609 | |
| Use ability | 88 | |
2946 total
» units
| Acolyte | 21 | |
| Ghoul | 6 | |
| Crypt Fiend | 13 | |
| Obsidian Statue | 9 | |
| Abomination | 7 | |
| Forest Troll Berserker | 1 | |
57 total
» upgrades
| Web | 1 | |
| Creature Attack | 1 | |
| Destroyer Form | 1 | |
| Disease Cloud | 1 | |
| Unholy Armor | 1 | |
5 total
» buildings
| Crypt | 1 | |
| Altar of Darkness | 1 | |
| Ziggurat | 9 | |
| Graveyard | 2 | |
| Tomb of Relics | 1 | |
| Nerubian Tower | 1 | |
| Halls of the Dead | 2 | |
| Slaughterhouse | 2 | |
| Black Citadel | 2 | |
21 total
» build order
00:10 Crypt
00:16 Altar of Darkness
00:34 Ziggurat
00:57 Graveyard
00:59 Graveyard
01:22 Tomb of Relics
02:10 Ziggurat
03:03 Nerubian Tower
03:45 Halls of the Dead
04:28 Ziggurat
05:28 Ziggurat
06:17 Slaughterhouse
08:05 Black Citadel
08:06 Black Citadel
08:59 Slaughterhouse
09:07 Ziggurat
09:43 Ziggurat
12:11 Ziggurat
12:12 Ziggurat
17:59 Ziggurat
» items
| Rod of Necromancy | 1 | |
| Scroll of Town Portal | 1 | |
| Potion of Lesser Invulnerability | 2 | |
4 total
team 2 (winner)

»
dirtmcwordup (
blue | 127 APM | 3130 actions | 24:40)
5 Archmage
3 Summon Water Elemental
2 Brilliance Aura
4 Mountain King
2 Storm Bolt
2 Bash
2 Paladin
1 Holy Light
1 Divine Shield
» actions
| Assign group hotkey | 46 | |
| Basic commands | 118 | |
| Build / train | 123 | |
| ESC pressed | 6 | |
| Enter build submenu | 41 | |
| Enter hero's abilities submenu | 11 | |
| Give item / drop item | 5 | |
| Right click | 1247 | |
| Select / deselect | 395 | |
| Select group hotkey | 1004 | |
| Use ability | 134 | |
3130 total
» units
| Peasant | 33 | |
| Footman | 10 | |
| Knight | 6 | |
| Gryphon Rider | 7 | |
| Priest | 5 | |
61 total
» upgrades
| Defend | 1 | |
| Masonry | 2 | |
| Gunpowder | 2 | |
| Swords | 3 | |
| Lumber Harvesting | 2 | |
| Animal War Training | 1 | |
| Priest Training | 2 | |
| Storm Hammers | 1 | |
| Plating | 2 | |
| Magic Sentry | 1 | |
17 total
» buildings
| Altar of Kings | 1 | |
| Barracks | 1 | |
| Farm | 13 | |
| Scout Tower | 13 | |
| Arcane Tower | 1 | |
| Arcane Vault | 1 | |
| Lumber Mill | 1 | |
| Town Hall | 3 | |
| Guard Tower | 8 | |
| Keep | 1 | |
| Blacksmith | 1 | |
| Castle | 1 | |
| Gryphon Aviary | 2 | |
| Arcane Sanctum | 1 | |
| Workshop | 2 | |
50 total
» build order
00:09 Altar of Kings
00:11 Barracks
00:23 Farm
00:59 Farm
01:46 Scout Tower
02:15 Arcane Tower
02:30 Arcane Vault
02:51 Farm
03:44 Lumber Mill
04:55 Town Hall
05:06 Scout Tower
05:06 Scout Tower
05:07 Scout Tower
05:10 Scout Tower
05:12 Scout Tower
05:22 Farm
05:25 Scout Tower
06:07 Guard Tower
07:05 Guard Tower
07:10 Scout Tower
08:37 Scout Tower
08:38 Scout Tower
08:40 Keep
08:45 Guard Tower
08:48 Guard Tower
08:50 Blacksmith
08:59 Scout Tower
09:15 Farm
09:16 Scout Tower
09:31 Guard Tower
09:33 Guard Tower
09:34 Scout Tower
09:54 Guard Tower
10:16 Guard Tower
10:52 Town Hall
12:22 Castle
12:40 Gryphon Aviary
13:07 Farm
13:09 Farm
13:24 Farm
14:38 Gryphon Aviary
14:41 Arcane Sanctum
17:03 Farm
19:34 Town Hall
20:57 Workshop
20:58 Workshop
22:27 Farm
22:29 Farm
22:32 Farm
22:33 Farm
» items
| Scroll of Regeneration | 5 | |
| Staff of Teleportation | 1 | |
| Scroll of Town Portal | 3 | |
| Potion of Healing | 1 | |
| Staff of Sanctuary | 5 | |
| Orb of Fire | 2 | |
17 total
refereesevil_pengoon,
Mata.,
bLinn,
BEAR_AND,
snarker,
GapInTheTooth Chat log
(00:03 / All) evil_pengoon: gl hf
(00:06 / Referees) BEAR_AND: cross spawn
(00:07 / All) Mata.: good luck have fun manner up bush is hitler
(00:13 / All) dirtmcwordup: gg
(00:14 / All) evil_pengoon: available @ highper.ch
(00:18 / All) dirtmcwordup: you win . . .
(00:19 / All) 2coreawithlove: is he really/
(00:30 / Referees) BEAR_AND: hrorible placement
(00:36 / All) 2coreawithlove: bush is gosu hitler
(00:38 / Referees) Mata.: timg with the weirdass base
(00:43 / All) 2coreawithlove: who divided by zero
(00:44 / Referees) BEAR_AND: fucking lol
(00:46 / Referees) BEAR_AND: @ blin
(00:46 / All) GapInTheTooth: hitler was better than bush imho
(01:07 / All) 2coreawithlove: yeah he killed the jews
(01:08 / Referees) evil_pengoon: fuck bu(dollar sign)h
(01:10 / Referees) Mata.: guantanamo is basically like the holocaust except not fictional
(01:23 / Referees) Mata.: god damn this is edgy
(01:30 / All) 2coreawithlove: shit
(01:33 / All) 2coreawithlove: i'm lagging like a whore now
(01:35 / All) snarker: godwin's law is now in effect
(01:43 / Referees) snarker: i hate winter lt
(01:44 / Referees) evil_pengoon: i wish there was a holocost in american
(01:48 / Referees) evil_pengoon: fuck jew york city
(01:51 / Referees) snarker: the yellows near the fountain have summons
(01:54 / Referees) snarker: how dumb is that
(02:03 / Referees) Mata.: sorry but jews run america they would never let the holocaust happen for real
(02:15 / Referees) GapInTheTooth: www.csathemovie.com
(02:19 / All) snarker: GO SOX
(02:28 / Referees) GapInTheTooth: all the jews are herded into reservations on long island
(02:36 / Referees) Mata.: my namea timg4stko i get like 2 lumber workers so i can never tech
(02:39 / Referees) BEAR_AND: blinn if you actuallr wrote a song to go with a game
(02:46 / Referees) BEAR_AND: and submittied to wcreplays as anaudio
(02:48 / Referees) Mata.: fine getting on vent
(02:51 / Referees) BEAR_AND: it would win and be the best one
(03:00 / Referees) BEAR_AND: he's improving a song for this game
(03:30 / Referees) BEAR_AND: bVII V I
(03:34 / Referees) BEAR_AND: that is mixolydian
(03:36 / Referees) evil_pengoon: does anyone ever tower the golems anymore
(03:44 / Referees) evil_pengoon: on here
(03:47 / Referees) snarker: who did i watch that did that
(03:49 / Referees) snarker: on wcr
(03:51 / Referees) snarker: it was pro
(03:52 / Referees) Mata.: requires multitasking sorry,.
(04:07 / Referees) snarker: its a health fountain right
(04:12 / All) 2coreawithlove: no micro for me this game
(04:13 / Referees) BEAR_AND: looks like mana
(04:15 / Referees) snarker: hard to tell on this monitor
(04:15 / Referees) evil_pengoon: it can be either
(04:19 / Referees) snarker: you cant tell?
(04:21 / Referees) snarker: from fog?
(04:25 / Referees) BEAR_AND: it's tough
(04:28 / Referees) Mata.: yo blinn if we play a good game i can write some lyrics for a song then you can shoutcast
(04:34 / Referees) Mata.: i'll write it about theorycraft and talk about the matchup
(04:36 / Referees) Mata.: then you sing it
(04:37 / Referees) BEAR_AND: that's not his nat
(04:42 / Referees) bLinn: cool let's do it up
(04:50 / Referees) Mata.: need a game worth doing it on tho
(04:58 / Referees) snarker: can i do a BR
(05:02 / Referees) Mata.: no, i'm sorry.
(05:04 / Referees) snarker: fukk
(05:04 / Referees) BEAR_AND: a br on the song on the game
(05:16 / Referees) BEAR_AND: i'll do a BR on the song with muscal analysis
(05:20 / Referees) BEAR_AND: instead of game analysis
(05:29 / Referees) snarker: since when is timg hu
(05:32 / Referees) Mata.: he is random
(05:32 / Referees) BEAR_AND: since he random
(05:35 / Referees) snarker: o i c
(05:40 / Referees) Mata.: he forgets his farm
(05:42 / Referees) Mata.: gets 6 on gold
(05:43 / Referees) evil_pengoon: blinn do the cords form a jimmy buffet song
(05:44 / Referees) Mata.: doesn't mine enough lumber
(05:46 / Referees) BEAR_AND: that's 7
(05:47 / Referees) evil_pengoon: from
(05:48 / Referees) snarker: what happened to ghoul wood =(
(05:48 / Referees) BEAR_AND: on gold
(05:54 / Referees) Mata.: damn, that's 7 on gold.
(05:59 / Referees) Mata.: ireland
(06:04 / Referees) Mata.: fuck "northern"
(06:12 / Referees) Mata.: blinn is probably the most racist one here
(06:14 / Referees) BEAR_AND: timg quits now
(06:26 / Referees) Mata.: he has defend
(06:27 / Referees) BEAR_AND: hahah
(06:28 / Referees) Mata.: he can fend
(06:45 / Referees) Mata.: nice blockin
(06:57 / All) BEAR_AND: hoody hoo
(07:12 / Referees) snarker: ud base is pretty
(07:17 / Referees) BEAR_AND: pretty LAME
(07:19 / Referees) Mata.: i was curious if coreawithlove is secretly iceberg slim
(07:22 / Referees) Mata.: but he does have an acc on west
(07:23 / Referees) Mata.: apparently
(07:39 / Referees) BEAR_AND: coop creep
(07:42 / Referees) BEAR_AND: u get them i get them
(07:47 / Referees) evil_pengoon: ud wins this fight imho
(08:09 / Referees) snarker: can you coil dragon
(08:11 / Referees) BEAR_AND: ytes
(08:13 / Referees) Mata.: yes
(08:17 / Referees) BEAR_AND: well
(08:20 / All) BEAR_AND: "drake"
(08:23 / Referees) BEAR_AND: not dragon
(08:27 / All) 2coreawithlove: LOL
(08:27 / Referees) snarker: o
(08:38 / Referees) snarker: right, only level 10s i guess
(08:42 / Referees) snarker: are immmune
(08:44 / Referees) BEAR_AND: yes
(08:50 / Referees) GapInTheTooth: so we have blue with 2k+ gold and no lumber
(08:54 / Referees) GapInTheTooth: and red with a trapped hero
(08:58 / Referees) snarker: this is why ne is imba
(09:01 / Referees) BEAR_AND: ?
(09:04 / Referees) snarker: they can tech and expo
(09:06 / Referees) BEAR_AND: this is lola
(09:16 / Referees) snarker: same time w/no wood difficulties like hu
(09:21 / Referees) BEAR_AND: oh i thought you didn't know
(09:38 / Referees) BEAR_AND: me too
(09:43 / Referees) snarker: vent?
(09:49 / Referees) BEAR_AND: sometimes when am is homesick he just tps
(10:24 / Referees) Mata.: i doubt it,
(10:28 / Referees) Mata.: well okay
(10:30 / Referees) BEAR_AND: bias songcasting
(10:40 / Referees) snarker: huh
(10:45 / Referees) BEAR_AND: get on vent
(10:49 / Referees) Mata.: blinn is songcasting this game
(10:59 / Referees) Mata.: on some vent server;
(11:02 / Referees) snarker: can i get info
(11:07 / Referees) GapInTheTooth: i asked for the server details and all i got was cock
(11:08 / Referees) Mata.: hold on,
(11:14 / Referees) evil_pengoon: why is timg not getting a second hero
(11:15 / Referees) evil_pengoon: ?
(11:23 / Referees) BEAR_AND: micro
(11:24 / Referees) Mata.: i don't know what the password is
(11:26 / Referees) Mata.: 194.146.194.82
(11:31 / Referees) evil_pengoon: pass is
(11:32 / Referees) BEAR_AND: stairs or stairpusher or some shit like
(11:34 / Referees) BEAR_AND: that
(11:35 / Referees) Mata.: >2314
(11:37 / Referees) snarker: neato thanks
(11:45 / Referees) snarker: is 2314 the other number thingy
(11:47 / Referees) Mata.: this is our serious vent though so don't invite dota players
(11:50 / Referees) Mata.: port yes
(11:59 / Referees) snarker: i havent played dota in...
(12:00 / Referees) BEAR_AND: 0 unit lost
(12:00 / Referees) snarker: months
(12:06 / Referees) BEAR_AND: hero2
(12:08 / Referees) Mata.: well don't invite your dota buddies either
(12:11 / Referees) evil_pengoon: 2.7k gold
(12:13 / Referees) evil_pengoon: 200 wood
(12:14 / All) 2coreawithlove: holy shit
(12:19 / Referees) BEAR_AND: i wrot that chord lmao
(12:22 / All) 2coreawithlove: lag spike from hell
(12:40 / Referees) Mata.: play "Tree in the water"
(12:55 / Referees) evil_pengoon: plz some skynyrd
(12:58 / Referees) Mata.: freebird
(13:06 / Referees) evil_pengoon: sweet home alabama
(13:07 / Referees) Mata.: treeeeee in the water
(13:09 / Referees) Mata.: i wrote this song
(13:10 / Referees) Mata.: co-wrote it
(13:16 / Referees) Mata.: i did the concept
(13:25 / Referees) evil_pengoon: sweet home gnollabama
(13:37 / Referees) BEAR_AND: fuck that coil
(13:46 / Referees) BEAR_AND: timg4foot
(13:50 / Referees) Mata.: why the hell isn't timg getting any units god damn
(14:01 / Referees) Mata.: 5k gold
(14:04 / Referees) Mata.: i'm getting pissed off :-)
(14:15 / Referees) BEAR_AND: he has a coil
(14:37 / Referees) GapInTheTooth: no lumber
(14:42 / Referees) GapInTheTooth: thats the reason
(14:44 / Referees) Mata.: no lumber is no excuse
(14:54 / Referees) Mata.: you need an excuse for why you didn't get any lumber workers
(15:01 / All) 2coreawithlove: dotn tell me you toweredu p
(15:02 / Referees) BEAR_AND: knights
(15:05 / Referees) BEAR_AND: thats a good counter
(15:07 / Referees) evil_pengoon: 5 on woods
(15:12 / Referees) Mata.: gryphon priest
(15:13 / Referees) GapInTheTooth: mass shredders
(15:16 / Referees) Mata.: is what he's trying
(15:32 / Referees) evil_pengoon: gryph riders
(15:34 / Referees) evil_pengoon: against fiends?
(15:36 / Referees) Mata.: knight | priest | gryphon
(15:37 / Referees) evil_pengoon: is he drunk?
(15:43 / Referees) Mata.: is a solid combo
(15:45 / Referees) Mata.: he hasn't the lumber though
(16:01 / Referees) Mata.: but knights destroy fiend
(16:02 / Referees) BEAR_AND: hmmm i need lumber, guess i get a 200 lumb upgrade
(16:03 / Referees) evil_pengoon: isnt there a new patch
(16:07 / Referees) evil_pengoon: comin out soon mata
(16:07 / Referees) GapInTheTooth: red finally gets an expo
(16:07 / Referees) evil_pengoon: ?
(16:14 / Referees) Mata.: they say so, so probably not
(16:17 / Referees) GapInTheTooth: blue resource update:
(16:19 / Referees) GapInTheTooth: 4k gold
(16:21 / Referees) GapInTheTooth: 140 wood
(16:25 / Referees) Mata.: Blizzard Patch Waits are the longest waits
(16:47 / Referees) BEAR_AND: what if hu staff could staff ud units back
(16:52 / Referees) BEAR_AND: and hurt them instead of sanctuary
(17:01 / Referees) Mata.: would be kind of imba
(17:04 / Referees) BEAR_AND: towered all the way to 3 tower hell
(17:15 / Referees) Mata.: has anyone tried staffing home a doomed unit
(17:25 / Referees) BEAR_AND: you mean suspended
(17:31 / Referees) evil_pengoon: has anyone ever leveled a pitlord to 6
(17:32 / Referees) snarker: ive seen them get tped
(17:36 / Referees) evil_pengoon: in a serious game
(17:44 / Referees) Mata.: i know doom hurts units faster than preservation heals then
(17:45 / Referees) GapInTheTooth: only in 4s
(17:49 / Referees) snarker: grubby misclicked once
(17:51 / Referees) GapInTheTooth: pitlords pretty pop in 4s
(17:56 / Referees) snarker: think he meant to get alch
(18:03 / Referees) Mata.: i think they're still the least used hero
(18:06 / Referees) BEAR_AND: we've gotten pl to six a number of time
(18:19 / Referees) evil_pengoon: exp 2 down
(18:21 / Referees) GapInTheTooth: alchemist is prolly lowest used
(18:21 / Referees) BEAR_AND: tiggity piggity
(18:32 / Referees) Mata.: timg doesn't need to mine any more gold for the rest of his warcraft career
(18:38 / Referees) Mata.: he's good for gold you know
(18:41 / Referees) GapInTheTooth: no inner fire will cost him here
(19:05 / Referees) Mata.: timg will be good unless he loses his heroes
(19:05 / Referees) BEAR_AND: staff
(19:06 / Referees) Mata.: and he does
(19:07 / Referees) BEAR_AND: oh babey
(19:20 / Referees) BEAR_AND: bolt from the blue
(19:25 / All) 2coreawithlove: fuck
(19:26 / All) 2coreawithlove: the lag
(19:27 / Referees) BEAR_AND: 2 levels in 2 sec
(19:27 / Referees) evil_pengoon: 4 levels
(19:29 / Referees) evil_pengoon: for mk
(19:31 / Referees) GapInTheTooth: mk went from 1 to 4
(19:45 / Referees) BEAR_AND: hahahahhahaa lmao
(19:48 / Referees) snarker: rofl
(19:48 / Referees) BEAR_AND: hahahahahha
(19:54 / Referees) BEAR_AND: timg bribes
(19:57 / Referees) BEAR_AND: the creep
(20:04 / Referees) evil_pengoon: big golem si the color of reg golem
(20:05 / Referees) Mata.: i love when units have different color settings so when they're frozen they change colors a lot
(20:13 / Referees) BEAR_AND: ghahahahahahhaah
(20:17 / Referees) BEAR_AND: he tries to def. with destro
(20:19 / Referees) Mata.: golem getting owned
(20:44 / Referees) snarker: tt
(20:51 / Referees) Mata.: i would hate to have to fight... a DIAMOND GOLEM
(20:54 / Referees) GapInTheTooth: if only he had a hero
(21:01 / Referees) BEAR_AND: even granite a pretty weak rock i think
(21:05 / Referees) evil_pengoon: the dk is comin
(21:09 / Referees) Mata.: dk going to die,
(21:17 / Referees) BEAR_AND: boltlight
(21:18 / Referees) Mata.: zig down
(21:29 / Referees) BEAR_AND: that target is immune to magic
(21:38 / Referees) BEAR_AND: oh my god jack him right now
(21:43 / Referees) evil_pengoon: stone token
(21:44 / Referees) BEAR_AND: hahahah a stone token
(21:45 / Referees) evil_pengoon: a token of stne
(21:47 / Referees) Mata.: creeps down to 60 food: GOON GRUDGE
(21:48 / Referees) snarker: how fittin
(22:10 / Referees) evil_pengoon: stone token is like the worst item posible
(22:12 / Referees) BEAR_AND: how can you not creep w/ those heroes
(22:13 / Referees) evil_pengoon: what ajoke
(22:16 / Referees) Mata.: that's all they drop though
(22:17 / Referees) BEAR_AND: he's got level 10
(22:20 / Referees) Mata.: those golems are 100% stone token
(22:25 / Referees) BEAR_AND: really
(22:27 / Referees) evil_pengoon: they drop mega involn
(22:28 / Referees) BEAR_AND: i did not know that
(22:29 / Referees) Mata.: yes
(22:30 / Referees) evil_pengoon: potion
(22:41 / Referees) evil_pengoon: 25 second invuln pot
(22:45 / Referees) Mata.: really
(22:51 / Referees) Mata.: i always get tokens here
(22:51 / Referees) evil_pengoon: the one that looks like a shot
(22:58 / Referees) evil_pengoon: glass
(22:59 / Referees) BEAR_AND: potiion of diviinity
(23:08 / Referees) BEAR_AND: bad tp
(23:35 / Referees) BEAR_AND: wow
(23:36 / Referees) snarker: can you eat a golem
(23:41 / Referees) Mata.: no
(23:41 / All) 2coreawithlove: gg
(23:43 / All) dirtmcwordup: gg
(23:44 / Referees) snarker: i mean magic eat
(23:46 / Referees) Mata.: no
(23:48 / All) 2coreawithlove: i hate myself T_T
(23:51 / All) dirtmcwordup: i hate ud
(23:52 / All) dirtmcwordup: and hu
(23:54 / All) dirtmcwordup: :(
(24:04 / All) 2coreawithlove: i shouldnt have lost that battle
(24:05 / All) 2coreawithlove: in the end
(24:08 / All) dirtmcwordup: do i have to kill your base
(24:11 / All) 2coreawithlove: yes
(24:12 / All) dirtmcwordup: i really dont want to
(24:21 / All) dirtmcwordup: im just going to tower every expansion instead ok
(24:21 / All) BEAR_AND: what does gg stand for to you
(24:25 / All) BEAR_AND: "Good, Go on
(24:26 / All) BEAR_AND: "
(24:28 / All) 2coreawithlove: yes
(24:29 / All) 2coreawithlove: hahaha
(24:31 / All) 2coreawithlove: gg
(24:36 / Referees) GapInTheTooth: dk gone gg
(24:39 / Referees) Mata.: corpse got bolted